 Dungeon Crawl Stone Soup version 0.30-a0-600-gb7c8574cbb (webtiles) character file.

Game seed: 4825592676904010166

73130 capka3m the Severer (level 15, -2/118 (122) HPs)
             Began as a Demonspawn Chaos Knight on Jan 7, 2023.
             Was a Plaything of Xom.
             Slain by Jorgrun the storm dragon (8 damage)
             ... on level 1 of the Orcish Mines.
             The game lasted 01:08:34 (22514 turns).

capka3m the Severer (Demonspawn Chaos Knight)      Turns: 22514, Time: 01:08:35

HP:   -2/118 (122)  AC:  8    Str: 38    XL:     15   Next: 3%
MP:   0/16          EV: 10    Int: 16    God:    Xom [....*.]
Gold: 1349          SH:  0    Dex: 10    Spells: 14/14 levels left

rFire   . . .      SeeInvis .    S - +5 battleaxe
rCold   . . .      Faith    .    (shield currently unavailable)
rNeg    . . .      Spirit   +    a - +1 scale mail "Duusuwk" {-Cast rElec rPois Str+8}
rPois   +          Reflect  .    (helmet unavailable)
rElec   +          Harm     .    j - +1 cloak
rCorr   .          Rampage  .    Y - +0 pair of gloves
Will    +....      NoCast   +    L - +2 pair of boots Stlth
                                 (no amulet)
HPRegen 0.39/turn                O - ring "Eletos Mosmi" {Fly rPois rC+ Str+4}
MPRegen 0.30/turn                K - +4 ring of protection

@: mighty, spiked, corroded, flying, lightly drained, unable to read
A: horns 3, slimy green scales 1, powered by pain 3, magic shield, magic
regeneration, magic link, talons 1, clever 1, high MP 1, mutation resistance 1,
poison resistance, shaggy fur 1, strong 2, cold vulnerability 1, inability to
read after injury 1
a: Renounce Religion


You were on level 1 of the Orcish Mines.
You worshipped Xom.
You were a beloved toy of Xom.
You visited 3 branches of the dungeon, and saw 17 of its levels.
You also visited: Sewer, Bailey and Volcano.

You collected 1349 gold pieces.

Inventory:

Hand Weapons
 B - a +2 broad axe of flaming
 S - a +5 battleaxe (weapon)
Missiles
 N - 4 silver javelins (quivered)
Armour
 a - the +1 scale mail "Duusuwk" (worn) {-Cast rElec rPois Str+8}
   (You found it on level 5 of the Lair of Beasts)

   Str:       It affects your strength (+8).
   rElec:     It insulates you from electricity.
   rPois:     It protects you from poison.
   -Cast:     It prevents spellcasting.
 j - a +1 cloak (worn)
 r - a +2 chain mail of fire resistance
 L - a +2 pair of boots (worn)
 Y - a +0 pair of gloves (worn)
Jewellery
 n - a +5 ring of evasion
 v - a ring of magical power
 J - a ring of ice
 K - a +4 ring of protection (right hand)
 O - the ring "Eletos Mosmi" (left hand) {Fly rPois rC+ Str+4}
   (You found it on level 7 of the Dungeon)

   [ring of protection from cold]

   Str:       It affects your strength (+4).
   rC:        It protects you from cold.
   rPois:     It protects you from poison.
   Fly:       It grants you flight.
 T - an amulet of magic regeneration
 U - a ring of protection from fire
Wands
 b - a wand of roots (8)
 k - a wand of charming (16)
 D - a wand of flame (28)
 W - a wand of acid (14)
Scrolls
 d - 5 scrolls of immolation {unknown}
 e - 8 scrolls of teleportation
 g - 3 scrolls of noise {unknown}
 h - 9 scrolls of enchant weapon
 i - a scroll of enchant armour {unknown}
 o - 3 scrolls of identify
 t - 6 scrolls of fear {unknown}
 w - 2 scrolls of summoning {unknown}
 x - 5 scrolls of blinking
 y - 6 scrolls of poison {unknown}
 z - 2 scrolls of fog {unknown}
 A - a scroll of brand weapon {unknown}
 C - a scroll of silence {unknown}
 M - 3 scrolls of magic mapping {unknown}
 X - 2 scrolls of amnesia {unknown}
 Z - a scroll of acquirement {unknown}
Potions
 f - 4 potions of flight
 l - 3 potions of might
 m - a potion of heal wounds
 p - 4 potions of cancellation
 q - 2 potions of invisibility
 u - a potion of ambrosia
 E - a potion of experience
 F - 4 potions of haste
 G - 8 potions of mutation
 H - 4 potions of curing
 I - 3 potions of brilliance
 P - a potion of resistance
 Q - a potion of lignification {unknown}
 R - 3 potions of magic
 V - a potion of berserk rage {unknown}
Miscellaneous
 c - a piece from Xom's chessboard (15/15)
 s - a phantom mirror


   Skills:
 + Level 12.8 Fighting
 * Level 16.1 Axes
 + Level 10.6 Throwing
 + Level 11.6 Armour
 - Level 0.8 Dodging


You had 14 spell levels left.
You didn't know any spells.
Your spell library contained the following spells:

 Spells                   Type           Power      Damage    Failure   Level
 Beastly Appendage        Tmut           0%         N/A       36%         1
 Magic Dart               Conj           0%         1d3       36%         1
 Call Imp                 Summ           0%         N/A       52%         2
 Wereblood                Tmut           0%         N/A       52%         2
 Gell's Gravitas          Tloc           0%         N/A       75%         3
 Hailstorm                Conj/Ice       0%         3d3       75%         3
 Ignite Poison            Fire/Tmut/Pois 0%         N/A       75%         3
 Inner Flame              Hex/Fire       0%         N/A       75%         3
 Mephitic Cloud           Conj/Pois/Air  0%         N/A       75%         3
 Ozocubu's Armour         Ice            0%         N/A       75%         3
 Spider Form              Tmut/Pois      0%         N/A       75%         3
 Teleport Other           Tloc           0%         N/A       75%         3
 Cause Fear               Hex            0%         N/A       98%         4
 Ice Form                 Ice/Tmut       0%         N/A       98%         4
 Sticky Flame             Conj/Fire      0%         2d3       98%         4
 Alistair's Intoxication  Tmut/Pois      0%         N/A       100%        5
 Borgnjor's Vile Clutch   Necr/Erth      0%         N/A       100%        5
 Iskenderun's Battlesphe  Conj           0%         2d6       100%        5
 Dispersal                Tloc           0%         N/A       100%        6
 Eringya's Noxious Bog    Tmut/Pois      0%         N/A       100%        6
 Iron Shot                Conj/Erth      0%         9d1       100%        6
 Simulacrum               Ice/Necr       0%         N/A       100%        6
 Ozocubu's Refrigeration  Ice            0%         4d7       100%        7
 Spellforged Servitor     Conj/Summ      0%         N/A       100%        7
 Borgnjor's Revivificati  Necr           0%         N/A       100%        8
 Discord                  Hex            0%         N/A       100%        8
 Ignition                 Fire           0%         3d3       100%        8
 Necromutation            Tmut/Necr      0%         N/A       100%        8
 Chain Lightning          Conj/Air       0%         N/A       100%        9
 Death's Door             Necr           0%         N/A       100%        9
 Fire Storm               Conj/Fire      0%         5d1       100%        9
 Shatter                  Erth           0%         3d5*      100%        9


Dungeon Overview and Level Annotations

Branches:
Dungeon (11/15)            Temple (0/1) D:6            Lair (5/5) D:11
  Swamp (0/4) Lair:3       Spider (0/4) Lair:3        Slime (0/5) Lair:4
    Orc (1/2) D:11          Sewer (visited)          Bailey (visited)
Volcano (visited)

Altars:
Cheibriados
Dithmenos
Hepliaklqana
Nemelex Xobeh
Sif Muna
Trog
Uskayaw
Vehumet
Xom
Lugonu

Shops:
D:1 =?((

Portals:
Abyss: Lair:3

Annotations:
D:11 exclusion: ice statue
Orc:1 Jorgrun


Innate Abilities, Weirdness & Mutations

You have a pair of large horns on your head.
You are partially covered in slimy green scales. (AC +2)
You are powered by pain.
When hurt, damage is shared between your health and your magic reserves.
You regenerate magic rapidly.
When low on magic, you restore magic in place of health.
You have sharp toenails.
Your mind is acute. (Int +4, Str/Dex -1)
You have an increased reservoir of magic. (+10% MP)
You are somewhat resistant to further mutation.
Your system is resistant to poisons. (rPois)
You are covered in fur. (AC +1)
Your muscles are very strong. (Str +8, Int/Dex -2)
You are vulnerable to cold. (rC-)
You occasionally lose the ability to read scrolls when taking damage.


Message History

The orc sorcerer hits you with a +0 dagger.
* * * LOW HITPOINT WARNING * * *
The rust devil hits you.
* * * LOW HITPOINT WARNING * * *
The rust devil corrodes you! Jorgrun bites you!
* * * LOW HITPOINT WARNING * * *
Jorgrun claws you.
* * * LOW HITPOINT WARNING * * *
Jorgrun tramples you but does no damage.
The red devil barely misses you.
Cleave: S) +5 battleaxe
Press: ? - help, Dir - move target, f - orc sorcerer
Aim: an orc sorcerer, wielding a +0 dagger and wearing a +0 robe (about 36% to evade your +5 battleaxe)
Okay, then.
Cleave: S) +5 battleaxe
Press: ? - help, Dir - move target, f - orc sorcerer
Aim: an orc sorcerer, wielding a +0 dagger and wearing a +0 robe (about 36% to evade your +5 battleaxe)
Okay, then.
You feel much better.
The orc sorcerer hits you but does no damage.
Jorgrun closely misses you. Jorgrun claws you but does no damage.
Jorgrun tramples you.
* * * LOW HITPOINT WARNING * * *
You hold your ground!
The rust devil closely misses you. The red devil completely misses you.
You cannot read scrolls in your current state!
You slice the orc sorcerer!! Your headbutt misses the orc sorcerer.
The orc sorcerer is severely wounded.
You hit Jorgrun but do no damage.
You hit the rust devil but do no damage.
Xom momentarily opens a gate.
The orc sorcerer hits you with a +0 dagger!
* * * LOW HITPOINT WARNING * * *
Jorgrun bites you.
* * * LOW HITPOINT WARNING * * *
Jorgrun claws you!
* * * LOW HITPOINT WARNING * * *
Jorgrun tramples you!
You die...
Xom roars with laughter!

...##.#..
......... ##
##........
##.##........
.#...#.....^#
...........##
.....$5555#.#.##
......5D455....#
...$..4o@##....
.#...##### . #..
##


You could see Jorgrun the storm dragon (catching breath), a rust devil
(summoned), an orc sorcerer (ally target), a red devil (summoned), 2 friendly
iron imps, 3 friendly white imps and 2 friendly ufetubi.

Vanquished Creatures
  An orc warlord (Bailey)
  A fire dragon (Lair:4)
  4 hydras (Lair:3)
  2 catoblepae
  7 two-headed ogres
  An ogre mage (Volcano)
  A deep troll shaman (Lair:5)
  7 death yaks
  Urug (D:11)
  A hell knight (Volcano)
  Sonja (D:10)
  Amaemon (D:8)
  A lindwurm (Lair:5)
  An orc knight (Bailey)
  2 black mambas
  Joseph (D:8)
  A gargoyle (D:10)
  11 cane toads
  A cane toad (shapeshifter) (Lair:3)
  30 elephants
  An orange demon (D:8)
  2 molten gargoyles (Volcano)
  An unseen horror (D:11)
  Psyche (D:8)
  6 komodo dragons
  6 rime drakes
  A troll (D:10)
  A tyrant leech (Lair:3)
  2 hornets (D:11)
  3 polar bears
  24 blink frogs
  3 slime creatures (Lair:4)
  A wraith (D:11)
  44 yaks
  A vampire (D:9)
  6 wyverns
  2 fire bats (Volcano)
  Grum (D:10)
  3 basilisks
  4 vampire mosquitoes (D:10)
  6 steam dragons
  2 swamp worms (Lair:3)
  2 hell hounds (Lair:2)
  12 water moccasins
  Duvessa (D:6)
  10 ice beasts
  A swamp drake (D:11)
  10 orc warriors
  4 black bears
  2 ogres
  16 wolves
  3 phantoms
  3 centaurs
  2 kobold brigands
  Blork the orc (D:5)
  6 scorpions
  19 bullfrogs
  4 necrophages
  2 gnoll sergeants
  15 wights
  Dowan (D:6)
  14 killer bees
  8 electric eels
  7 howler monkeys
  4 crimson imps (D:5)
  7 lava snakes (Volcano)
  5 hounds
  5 orc priests
  A gnoll bouda (D:10)
  3 jellies
  8 iguanas
  10 orc wizards
  7 hell rats (Lair:2)
  12 gnolls
  9 adders
  A shadow imp (D:7)
  2 ufetubi
  3 worms
  3 dart slugs
  57 orcs
  4 endoplasms
  13 giant cockroaches
  17 goblins
  14 hobgoblins
  2 jackals (D:1)
  8 quokkas
  11 ball pythons
  4 bats
  7 frilled lizards
  26 kobolds
  4 rats
587 creatures vanquished.

Vanquished Creatures (collateral kills)
  A death yak (Lair:4)
  3 elephants (Lair:5)
  5 blink frogs (Lair:5)
  A yak (Lair:5)
  A basilisk (Lair:5)
  A water moccasin (Lair:5)
  5 wolves (Lair:5)
  A killer bee (D:10)
  Crazy Yiuf (D:5)
19 creatures vanquished.

Vanquished Creatures (others)
  An elephant (Lair:5)
  A killer bee (D:10)
  44 fungi
  2 lurking horrors (Lair:3)
  64 plants
112 creatures vanquished.

Grand Total: 718 creatures vanquished

Notes
Turn   | Place    | Note
-------+----------+-------------------------------------------
     0 | D:1      | capka3m the Demonspawn Chaos Knight began the quest for the
                  | Orb.
     0 | D:1      | Reached XP level 1. HP: 18/18 MP: 1/1
   131 | D:1      | XOM: silly message
   280 | D:1      | XOM: silly message
   376 | D:1      | Found Eggiwk's Jewellery Boutique.
   405 | D:1      | Reached skill level 3 in Axes
   428 | D:1      | Gained mutation: You regenerate magic rapidly. [demonic
                  | ancestry]
   428 | D:1      | Reached XP level 2. HP: 22/24 MP: 2/2
   466 | D:1      | Found Otevooko's Antique Weapon Boutique.
   469 | D:1      | XOM: blink monster(s)
   508 | D:1      | Found Woaw's Antique Weapon Shoppe.
   557 | D:1      | XOM: 1-stop teleportation journey
   568 | D:1      | XOM: cloud trail
   779 | D:1      | Found Qun Fen's Magic Scroll Boutique.
   964 | D:1      | Gained mutation: You are partially covered in slimy green
                  | scales. (AC +2) [demonic ancestry]
   964 | D:1      | Reached XP level 3. HP: 29/29 MP: 3/3
  1365 | D:2      | Noticed a necrophage
  1372 | D:2      | Killed a necrophage
  1373 | D:2      | Reached XP level 4. HP: 27/37 MP: 4/4
  1424 | D:2      | Reached skill level 4 in Axes
  1577 | D:2      | XOM: smoke on damage
  1836 | D:2      | XOM: noise
  1904 | D:2      | XOM: give mutations
  1904 | D:2      | Gained mutation: You are agile. (Dex +4, Str/Int -1) [Xom's
                  | grace]
  1904 | D:2      | Gained mutation: Your mind is acute. (Int +4, Str/Dex -1)
                  | [Xom's grace]
  2002 | D:3      | Gained mutation: When hurt, damage is shared between your
                  | health and your magic reserves. [demonic ancestry]
  2002 | D:3      | Reached XP level 5. HP: 22/42 MP: 5/5
  2097 | D:3      | XOM: 1-stop teleportation journey
  2359 | D:3      | Found a radiant altar of Vehumet.
  2359 | D:3      | Found a shadowy altar of Dithmenos.
  2359 | D:3      | Found a hazy altar of Hepliaklqana.
  2359 | D:3      | Found a snail-covered altar of Cheibriados.
  2359 | D:3      | Found a hide-covered altar of Uskayaw.
  2359 | D:3      | XOM: 1-stop teleportation journey
  2502 | D:3      | Found a sparkling altar of Nemelex Xobeh.
  2503 | D:3      | Found a bloodstained altar of Trog.
  2743 | D:4      | XOM: divination: magic mapping
  2754 | D:4      | XOM: give mutations
  2754 | D:4      | Gained mutation: You have a pair of small horns on your
                  | head. [Xom's grace]
  2754 | D:4      | Gained mutation: You are covered in fur. (AC +1) [Xom's
                  | grace]
  2936 | D:4      | Noticed a phantom
  2938 | D:4      | Reached XP level 6. HP: 46/48 MP: 6/6
  2948 | D:4      | Reached skill level 5 in Axes
  2961 | D:4      | XOM: 3-stop teleportation journey
  2986 | D:4      | XOM: cloud trail
  3219 | D:4      | XOM: cloud trail
  3264 | D:4      | XOM: give mutations
  3264 | D:4      | Gained mutation: You have an increased reservoir of magic.
                  | (+10% MP) [Xom's grace]
  3264 | D:4      | Gained mutation: You have supernaturally acute eyesight.
                  | (SInv) [Xom's grace]
  3264 | D:4      | Gained mutation: You are robust. (+10% HP) [Xom's grace]
  3264 | D:4      | Gained mutation: Your muscles are strong. (Str +4, Int/Dex
                  | -1) [Xom's grace]
  3285 | D:4      | XOM is BORED!
  3285 | D:4      | XOM: noise
  3390 | D:5      | Entered Level 5 of the Dungeon
  3419 | D:5      | XOM: enchant monster (good)
  3425 | D:5      | XOM: enchant monster (good)
  3428 | D:5      | Gained mutation: When low on magic, you restore magic in
                  | place of health. [demonic ancestry]
  3428 | D:5      | Reached XP level 7. HP: 60/60 MP: 7/7
  3445 | D:5      | Found a glowing drain.
  3446 | D:5      | XOM: cast spell 'Cause Fear'
  3464 | D:5      | Identified the +1 ring mail "Wulamum" {rPois Int+2}
  3477 | Sewer    | Entered a sewer
  3831 | Sewer    | XOM: give mutation
  3831 | Sewer    | Gained mutation: Your muscles are very strong. (Str +8,
                  | Int/Dex -2) [Xom's grace]
  3884 | Sewer    | XOM: scenery: summon butterflies
  3972 | D:5      | Reached skill level 5 in Fighting
  3992 | D:5      | Noticed a wyvern
  4002 | D:5      | Killed a wyvern
  4003 | D:5      | Reached skill level 6 in Axes
  4143 | D:5      | XOM: god gift: staff of poison
  4150 | D:5      | Found a shimmering altar of Xom.
  4223 | D:5      | XOM: potion effect (haste)
  4224 | D:5      | Reached XP level 8. HP: 62/69 MP: 6/8
  4437 | D:5      | XOM: enchant monster (good)
  4457 | D:5      | Noticed Blork the orc
  4464 | D:5      | Killed Blork the orc
  4465 | D:5      | Reached skill level 7 in Axes
  4465 | D:5      | Reached skill level 1 in Throwing
  4976 | D:5      | Found a runed translucent door.
  4977 | D:5      | Noticed Crazy Yiuf
  5101 | D:5      | XOM: divination: magic mapping
  5116 | D:5      | XOM: cast spell 'Summon Small Mammal'
  5118 | D:5      | Killed Crazy Yiuf
  5119 | D:5      | Reached skill level 5 in Armour
  5229 | D:6      | Found a staircase to the Ecumenical Temple.
  5295 | D:6      | XOM: blink monster(s)
  5448 | D:6      | XOM is BORED!
  5448 | D:6      | XOM: noise
  5493 | D:6      | XOM: summons friendly crimson imp
  5499 | D:6      | XOM: noise
  5550 | D:6      | Noticed Duvessa
  5556 | D:6      | Noticed Dowan
  5565 | D:6      | Killed Duvessa
  5574 | D:6      | Killed Dowan
  5575 | D:6      | Mutation became permanent: You have a pair of small horns
                  | on your head. [demonic ancestry]
  5575 | D:6      | Gained mutation: You have a pair of small horns on your
                  | head. [demonic ancestry]
  5575 | D:6      | Reached XP level 9. HP: 48/78 MP: 9/9
  5736 | D:6      | Reached skill level 8 in Axes
  5873 | D:6      | XOM: god gift: glowing rapier {god gift}
  5894 | D:6      | XOM: potion effect (berserk rage)
  6479 | D:7      | Identified the ring "Eletos Mosmi" {Fly rPois rC+ Str+4}
  6992 | D:7      | Found a flagged portal.
  7001 | Bailey   | Entered a bailey
  7006 | Bailey   | Noticed an orc warlord
  7025 | Bailey   | Reached skill level 9 in Axes
  7049 | Bailey   | Noticed an orc knight
  7050 | Bailey   | XOM: silly message
  7054 | Bailey   | XOM: potion effect (might)
  7062 | Bailey   | Killed an orc knight
  7064 | Bailey   | XOM: silly message
  7079 | Bailey   | Reached XP level 10. HP: 12/86 MP: 8/11
  7139 | Bailey   | XOM: silly message
  7425 | Bailey   | Found a runed translucent gate.
  7425 | Bailey   | Found a runed translucent gate.
  7425 | Bailey   | Found a runed translucent gate.
  7665 | Bailey   | XOM: silly message
  7681 | Bailey   | XOM is BORED!
  7681 | Bailey   | XOM: silly message
  7686 | Bailey   | XOM: fog
  7690 | Bailey   | Killed an orc warlord
  7993 | Bailey   | XOM: 6-stop teleportation journey
  8062 | D:7      | XOM: give mutations
  8062 | D:7      | Gained mutation: Armour fits poorly on your strangely
                  | shaped body. [Xom's mischief]
  8062 | D:7      | Gained mutation: You occasionally lose the ability to read
                  | scrolls when taking damage. [Xom's mischief]
  8062 | D:7      | Lost mutation: Your muscles are very strong. (Str +8,
                  | Int/Dex -2) [Xom's mischief]
  8062 | D:7      | Gained mutation: You possess an exceptional clarity of
                  | mind. [Xom's mischief]
  8117 | D:7      | XOM: give mutations
  8117 | D:7      | Gained mutation: You have hidden genetic defects. [Xom's
                  | mischief]
  8117 | D:7      | Lost mutation: You are agile. (Dex +4, Str/Int -1) [Xom's
                  | mischief]
  8394 | D:8      | Noticed Amaemon
  8400 | D:8      | Noticed an orange demon
  8411 | D:8      | XOM: potion effect (experience)
  8411 | D:8      | Reached skill level 11 in Axes
  8411 | D:8      | Reached XP level 11. HP: 55/97 MP: 10/12
  8412 | D:8      | Killed Amaemon
  8429 | D:8      | Gained mutation: You have terrible hidden genetic defects.
                  | [hidden defects]
  8505 | D:8      | Noticed Psyche
  8514 | D:8      | Killed Psyche
  8781 | D:8      | Noticed Joseph
  8793 | D:8      | Killed Joseph
  8926 | D:8      | Found a shimmering blue altar of Sif Muna.
  9229 | D:8      | XOM: silly message
  9280 | D:9      | Noticed a two-headed ogre
  9284 | D:9      | XOM: potion effect (haste)
  9291 | D:9      | Killed a two-headed ogre
  9443 | D:9      | XOM: silly message
  9496 | D:9      | XOM: silly message
  9608 | D:9      | XOM: noise
  9625 | D:9      | Gained mutation: You occasionally lose the ability to drink
                  | potions when taking damage. [hidden defects]
  9625 | D:9      | Lost mutation: You have terrible hidden genetic defects.
                  | [hidden defects expressed]
  9807 | D:9      | Identified the +0 ring mail of Ru's Felicitations {Harm
                  | SInv}
  9813 | D:9      | XOM: 3-stop teleportation journey
  9833 | D:9      | XOM: stat loss: -1 Int (16/17)
 10210 | D:9      | XOM: give mutations
 10210 | D:9      | Lost mutation: You are robust. (+10% HP) [Xom's mischief]
 10210 | D:9      | Lost mutation: You possess an exceptional clarity of mind.
                  | [Xom's mischief]
 10210 | D:9      | Lost mutation: You occasionally lose the ability to drink
                  | potions when taking damage. [Xom's mischief]
 10210 | D:9      | Lost mutation: You occasionally lose the ability to read
                  | scrolls when taking damage. [Xom's mischief]
 10494 | D:10     | Entered Level 10 of the Dungeon
 10501 | D:10     | Reached skill level 12 in Axes
 10518 | D:10     | XOM: god gift: scroll labelled LIMUAPTONKY {god gift}
 10551 | D:10     | Noticed a two-headed ogre
 10560 | D:10     | Killed a two-headed ogre
 10742 | D:10     | Gained mutation: You sometimes gain a little power by
                  | taking damage. [demonic ancestry]
 10742 | D:10     | Reached XP level 12. HP: 50/97 MP: 10/13
 10745 | D:10     | Gained mutation: You have terrible hidden genetic defects.
                  | [hidden defects]
 10915 | D:10     | XOM: enchant monster (good)
 11240 | D:10     | Noticed Grum
 11253 | D:10     | Killed Grum
 11306 | D:10     | Noticed Sonja
 11314 | D:10     | Killed Sonja
 11347 | D:10     | XOM: divination: magic mapping
 11447 | D:10     | Noticed a two-headed ogre
 11455 | D:10     | Killed a two-headed ogre
 11456 | D:10     | Reached skill level 10 in Fighting
 11950 | D:11     | XOM: silly message
 11954 | D:11     | Lost mutation: Your muscles are strong. (Str +4, Int/Dex
                  | -1) [hidden defects]
 11954 | D:11     | Lost mutation: You have terrible hidden genetic defects.
                  | [hidden defects expressed]
 11957 | D:11     | XOM: confuse monster(s)
 12011 | D:11     | Noticed Urug
 12029 | D:11     | XOM: noise
 12040 | D:11     | Killed Urug
 12197 | D:11     | XOM: 1-stop teleportation journey
 12216 | D:11     | XOM: silly message
 12391 | D:11     | Gained mutation: You are vulnerable to cold. (rC-) [hidden
                  | defects]
 12464 | D:11     | XOM: 1-stop teleportation journey
 12582 | D:11     | Found a staircase to the Lair.
 12976 | D:11     | XOM: scenery: summon butterflies
 13006 | D:11     | XOM: silly message
 13045 | D:11     | XOM: polymorph ice beast -> hornet
 13047 | D:11     | Reached skill level 13 in Axes
 13111 | D:11     | Identified the +1 hand axe "Hitenats" {drain, rC+ Str+3
                  | Dex+4}
 13155 | D:11     | XOM: give mutation
 13155 | D:11     | Lost mutation: Armour fits poorly on your strangely shaped
                  | body. [Xom's mischief]
 13440 | D:11     | Found a staircase to the Orcish Mines.
 13785 | Lair:1   | Entered Level 1 of the Lair of Beasts
 13939 | Lair:1   | XOM: summons 3 friendly demons
 13968 | Lair:1   | XOM: potion effect (curing)
 13971 | Lair:1   | XOM: polymorph wolf -> worm
 14003 | Lair:1   | Gained mutation: You occasionally lose the ability to read
                  | scrolls when taking damage. [hidden defects]
 14003 | Lair:1   | Lost mutation: You have hidden genetic defects. [hidden
                  | defects expressed]
 14333 | Lair:1   | Noticed a catoblepas
 14335 | Lair:1   | XOM: potion effect (brilliance)
 14349 | Lair:1   | Killed a catoblepas
 14561 | Lair:1   | XOM: destruction
 14592 | Lair:1   | XOM: scenery: 1 doors open, 1 doors close
 14734 | Lair:1   | XOM: give mutations
 14734 | Lair:1   | Gained mutation: You are strong-willed. (Will+) [Xom's
                  | grace]
 14734 | Lair:1   | Gained mutation: You have sharp toenails. [Xom's grace]
 14777 | Lair:2   | Gained mutation: You sometimes gain power by taking damage.
                  | [demonic ancestry]
 14777 | Lair:2   | Reached XP level 13. HP: 95/105 MP: 14/14
 14958 | Lair:2   | Found a dark tunnel.
 15002 | Volcano  | Entered a volcano
 15071 | Volcano  | XOM: 1-stop teleportation journey
 15192 | Volcano  | XOM: summons 4 hostile demons
 15247 | Volcano  | Found a burning altar of Makhleb.
 15257 | Volcano  | XOM: enchant monster (bad)
 15260 | Volcano  | HP: 3/105 [two-headed ogre/+1 great mace of flaming (6)]
 15651 | Volcano  | XOM: enchant monster (bad)
 16139 | Lair:2   | XOM: cast spell 'Statue Form'
 16143 | Lair:2   | XOM: summons 1 hostile demon
 16144 | Lair:2   | Reached skill level 10 in Armour
 16159 | Lair:2   | XOM: 2-stop teleportation journey
 16165 | Lair:2   | Reached skill level 14 in Axes
 16553 | Lair:2   | XOM: silly message
 16554 | Lair:2   | XOM: god gift: 43 gold pieces
 16573 | Lair:2   | XOM: god gift: 36 gold pieces
 16696 | Lair:2   | XOM: 6-stop teleportation journey
 16855 | Lair:2   | XOM: confusion (+ monsters)
 16864 | Lair:2   | XOM: enchant monster (bad)
 17192 | Lair:2   | XOM: divination: detect creatures
 17340 | Lair:3   | XOM: noise
 17387 | Lair:3   | XOM: polymorph cane toad -> shapeshifter
 17421 | Lair:3   | XOM: confusion (+ monsters)
 17735 | Lair:3   | Found a corrupted altar of Lugonu.
 17735 | Lair:3   | XOM: butterfly on damage
 17736 | Lair:3   | Found a one-way gate to the infinite horrors of the Abyss.
 17878 | Lair:3   | XOM: scenery: summon butterflies
 18035 | Lair:3   | XOM: give mutations
 18035 | Lair:3   | Gained mutation: You have razor-sharp toenails. [Xom's
                  | grace]
 18035 | Lair:3   | Gained mutation: You have a pair of horns on your head.
                  | [Xom's grace]
 18035 | Lair:3   | Gained mutation: Your muscles are strong. (Str +4, Int/Dex
                  | -1) [Xom's grace]
 18035 | Lair:3   | Gained mutation: Your system is resistant to poisons.
                  | (rPois) [Xom's grace]
 18152 | Lair:3   | Found a hole to the Spider Nest.
 18164 | Lair:3   | XOM: destruction
 18175 | Lair:3   | XOM: summons friendly shadow imp
 18298 | Lair:3   | XOM: polymorph shadow imp -> quasit
 18627 | Lair:3   | Found a staircase to the Swamp.
 18729 | Lair:3   | XOM: silly message
 18791 | Lair:3   | XOM: silly message
 18923 | Lair:3   | XOM: divination: detect items
 19058 | Lair:3   | XOM: divination: magic mapping
 19060 | Lair:3   | XOM: potion effect (haste)
 19074 | Lair:3   | XOM: divination: detect items
 19077 | Lair:3   | XOM: divination: detect creatures
 19088 | Lair:3   | XOM: potion effect (brilliance)
 19090 | Lair:3   | XOM: confuse monster(s)
 19094 | Lair:3   | Gained mutation: You are powered by pain. [demonic
                  | ancestry]
 19094 | Lair:3   | Reached XP level 14. HP: 102/114 MP: 13/15
 19101 | Lair:3   | XOM: potion effect (magic)
 19456 | Lair:4   | XOM: noise
 19502 | Lair:3   | Reached skill level 15 in Axes
 19670 | Lair:4   | XOM: enchant monster (bad)
 19677 | Lair:4   | XOM: cleaving
 19751 | Lair:4   | XOM: 1-stop teleportation journey
 19884 | Lair:4   | Found a staircase to the Slime Pits.
 20100 | Lair:4   | Identified the +1 quarterstaff "Uduiff" {freeze, rCorr}
 20139 | Lair:4   | XOM: potion effect (might)
 20191 | Lair:4   | XOM: summons 14 friendly demons
 20387 | Lair:4   | XOM: give mutation
 20387 | Lair:4   | Gained mutation: You expend magic power (3 MP) to
                  | strengthen your wands. [Xom's grace]
 20506 | Lair:4   | XOM: cloud trail
 20560 | Lair:4   | XOM: 2-stop teleportation journey
 20735 | Lair:4   | Reached skill level 10 in Throwing
 20874 | Lair:5   | Entered Level 5 of the Lair of Beasts
 20876 | Lair:5   | XOM: potion effect (brilliance)
 20885 | Lair:5   | XOM: summons friendly iron imp
 21021 | Lair:5   | XOM: cast spell 'Summon Dragon'
 21200 | Lair:5   | XOM: confuse monster(s)
 21407 | Lair:5   | XOM: confuse monster(s)
 21570 | Lair:5   | XOM: cloud trail
 21617 | Lair:5   | XOM: confuse monster(s)
 21636 | Lair:5   | XOM: enchant monster (good)
 21648 | Lair:5   | XOM: confuse monster(s)
 21652 | Lair:5   | Reached skill level 16 in Axes
 21723 | Lair:5   | XOM: give mutations
 21723 | Lair:5   | Gained mutation: You have a pair of large horns on your
                  | head. [Xom's grace]
 21723 | Lair:5   | Gained mutation: Your muscles are very strong. (Str +8,
                  | Int/Dex -2) [Xom's grace]
 21723 | Lair:5   | Gained mutation: You are somewhat resistant to further
                  | mutation. [Xom's grace]
 21726 | Lair:5   | Identified the +1 scale mail "Duusuwk" {-Cast rElec rPois
                  | Str+8}
 21765 | Lair:5   | XOM: enchant monster (good)
 21766 | Lair:5   | XOM: 2-stop teleportation journey
 21814 | Lair:5   | XOM: polymorph polar bear -> elephant
 21873 | Lair:5   | XOM: enchant monster (bad)
 22005 | Lair:5   | XOM: give mutations
 22005 | Lair:5   | Lost mutation: You expend magic power (3 MP) to strengthen
                  | your wands. [Xom's mischief]
 22005 | Lair:5   | Lost mutation: You have supernaturally acute eyesight.
                  | (SInv) [Xom's mischief]
 22005 | Lair:5   | Lost mutation: You are strong-willed. (Will+) [Xom's
                  | mischief]
 22005 | Lair:5   | Lost mutation: You have razor-sharp toenails. [Xom's
                  | mischief]
 22162 | Lair:5   | Mutation became permanent: You have a pair of horns on your
                  | head. [demonic ancestry]
 22162 | Lair:5   | Gained mutation: You have a pair of large horns on your
                  | head. [demonic ancestry]
 22162 | Lair:5   | Reached XP level 15. HP: 117/122 MP: 16/16
 22168 | Lair:5   | XOM: enchant monster (bad)
 22409 | Orc:1    | Entered Level 1 of the Orcish Mines
 22409 | Orc:1    | Noticed Jorgrun
 22429 | Orc:1    | XOM: chaos upgrade
 22497 | Orc:1    | XOM: blink monster(s)
 22499 | Orc:1    | Paralysed by an orc sorcerer for 4 turns
 22503 | Orc:1    | Jorgrun changed into Jorgrun the storm dragon
 22503 | Orc:1    | Noticed Jorgrun
 22503 | Orc:1    | XOM: polymorph Jorgrun -> Jorgrun the storm dragon
 22506 | Orc:1    | Paralysed by an orc sorcerer for 5 turns
 22510 | Orc:1    | HP: 6/121 [red devil/+0 trident[an orc sorcerer] (14)]
 22512 | Orc:1    | HP: 2/118 [Jorgrun the storm dragon (5)]
 22514 | Orc:1    | XOM: summons 7 friendly demons
 22514 | Orc:1    | Slain by Jorgrun the storm dragon

Illustrated notes

Levels and vault maps discovered:
D:1:      dpeg_arrival_three_same_balls, layout_loops_ring, serial_rivers,
          chequers_serial_rivers_micro_b, chequers_serial_rivers_micro_c,
          chequers_serial_rivers_room_a, chequers_serial_rivers_room_a,
          chequers_serial_rivers_large_b, chequers_serial_rivers_small_b,
          serial_shops, nicolae_shop_stone, nicolae_shop_hallway_plus,
          nicolae_shop_window_shopping, nicolae_shop_behind_doors
D:2:      layout_basic
D:3:      layout_loops_ring, nicolae_overflow_hallway_of_the_gods, serial_glass,
          glass_columns_b, glass_columns_a
D:4:      layout_loops_ring
D:5:      layout_basic, led_xom_imps, gup_sewer_entry_pipe, uniq_blork_the_orc,
          uniq_crazy_yiuf_cottage
D:6:      layout_basic, minmay_temple_entry_glassed_door, uniq_duvessa
D:7:      layout_basic, enter_bailey_1, chequers_serial_rivers_small_3
D:8:      nicolae_cairo_tiling_very_big, layout_basic, lemuel_blue_sif_altar,
          uniq_psyche, uniq_joseph, uniq_amaemon
D:9:      layout_loops_corners, nicolae_sextant
D:10:     layout_grid_maze, minmay_quadrilaterals, uniq_sonja, uniq_grum
D:11:     minmay_twisted_water, layout_stronghold, erik_orc_1, uniq_urug
Lair:1:   layout_roguey, fungi_pond_lemuel, beast_lair_carwin_6
Lair:2:   layout_roguey, enter_volcano_3, grunt_megastairs_5,
          serial_bayou_shore_a, infiniplex_staircase_pool
Lair:3:   layout_cave_pods, palyth_hydra_swamp_entry, dummy_spider_entry,
          amcnicky_altar_lugonu_corruption
Lair:4:   layout_loops_ring, minmay_slime_entry_pillars,
          bobbens_dragon_lair_wall
Lair:5:   grunt_lair_end_beastmaster, layout_regular_city,
          infiniplex_staircase_pool_2, grunt_megastairs_1
Orc:1:    layout_diamond_mine, nicolae_orc_lava_tube, okawaru_metal_pillars_1_2,
          uniq_jorgrun

Skill      XL: |  1  2  3  4  5  6  7  8  9 10 11 12 13 14 |
---------------+-------------------------------------------+-----
Axes           | 3 4 5 6 7 9 11 12 13 14 16 | 16.1
Armour         | 2 3 4 5 6 7 8 9 10 11 | 11.6
Fighting       | 4 5 6 7 9 10 11 12 | 12.8
Throwing       | 2 4 6 7 8 9 10 | 10.6
Dodging        | |  0.8

Action                   |  1- 3 |  4- 6 |  7- 9 | 10-12 | 13-15 || total
-------------------------+-------+-------+-------+-------+-------++-------
Melee: Hand axe          |    79 |   151 |   121 |       |       ||   351
       Punch             |       |     3 |     1 |       |    11 ||    15
       Headbutt          |       |     8 |    43 |    78 |   165 ||   294
       Battleaxe         |       |       |   161 |   407 |   154 ||   722
       Broad axe         |       |       |       |       |   527 ||   527
       Kick              |       |       |       |       |     7 ||     7
Throw: Boomerang         |       |       |   139 |   301 |    20 ||   460
       Javelin           |       |       |       |       |    33 ||    33
       Dart              |       |       |       |       |    15 ||    15
Evoke: Piece from Xom's  |       |       |       |     1 |       ||     1
  Use: Potion            |       |       |       |     5 |     8 ||    13
       Scroll            |       |       |       |    10 |     5 ||    15
 Stab: Confused          |       |       |       |     4 |     6 ||    10
       Distracted        |       |       |       |       |     2 ||     2
       Petrifying        |       |       |       |       |     2 ||     2
       Petrified         |       |       |       |       |     1 ||     1
Armor: Leather armour    |    33 |    12 |       |       |       ||    45
       Chain mail        |       |    60 |    13 |       |   450 ||   523
       Ring mail         |       |       |    74 |       |       ||    74
       Plate armour      |       |       |    27 |   375 |    39 ||   441
       Skin              |       |       |       |       |    34 ||    34
       Scale mail        |       |       |       |       |    60 ||    60
Dodge: Dodged            |    59 |   102 |   257 |   179 |   302 ||   899

Table legend: (Time is in decaauts)
 A = Elapsed time spent in this place.
 B = Non-inter-level travel time spent in this place.
 C = Inter-level travel time spent in this place.
 D = Time resting spent in this place.
 E = Time spent auto-exploring this place.
 F = Levels seen in this place.
 G = Mean time per level.
                   A        B        C        D        E       F      G
               +--------+--------+--------+--------+--------+-----+--------+
         Total |  22847 |  22229 |    618 |     49 |  17997 |  20 | 1142.3 |
       Dungeon |  12760 |  12379 |    381 |      0 |  10153 |  11 | 1160.0 |
          Lair |   7372 |   7136 |    236 |     29 |   5874 |   5 | 1474.4 |
  Orcish Mines |     30 |     30 |      0 |      0 |      0 |   1 |   30.0 |
         Sewer |    539 |    539 |      0 |      0 |    382 |   1 |  539.0 |
        Bailey |   1032 |   1032 |      0 |     20 |    704 |   1 | 1032.0 |
       Volcano |   1111 |   1111 |      0 |      0 |    883 |   1 | 1111.0 |
               +--------+--------+--------+--------+--------+-----+--------+

Top non-repeatable levels by time:
  Lair:3: 2248 daAuts
    D:11: 1972 daAuts
  Lair:2: 1503 daAuts
    D:10: 1456 daAuts
     D:5: 1389 daAuts
  Lair:5: 1350 daAuts
  Lair:4: 1290 daAuts
     D:1: 1276 daAuts
     D:9: 1224 daAuts
     D:6: 1218 daAuts
 Volcano: 1111 daAuts
     D:8: 1102 daAuts
  Bailey: 1032 daAuts
  Lair:1: 980 daAuts
     D:7: 845 daAuts
